 Dungeon Crawl Stone Soup version 0.27-a0-1105-g946c659c87 (webtiles) character file.

Game seed: 9295001827556687987

182 siradein the Chopper (level 5, -3/42 HPs)
             Began as a Minotaur Gladiator on Apr 30, 2021.
             Slain by an orc wizard
             ... wielding a +0 dagger
              (5 damage)
             ... on level 3 of the Dungeon.
             The game lasted 00:03:04 (1606 turns).

siradein the Chopper (Minotaur Gladiator)           Turns: 1606, Time: 00:03:05

Health: -3/42      AC:  6    Str: 19    XL:     5   Next: 35%
Magic:  4/4        EV: 12    Int:  5    God:
Gold:   101        SH:  0    Dex: 12    Spells: 4/4 levels left

rFire    . . .     SeeInvis .   a - +0 war axe
rCold    . . .     Faith    .   (no shield)
rNeg     . . .     Spirit   .   b - +0 leather armour
rPois    .         Reflect  .   c - +0 hat
rElec    .         Harm     .   (no cloak)
rCorr    .         Rampage  .   k - +2 pair of gloves
Will     .....                  (no boots)
Stlth    +.........             (no amulet)
HPRegen  0.14/turn              (no ring)
MPRegen  0.09/turn              (no ring)

@: confused
A: horns 2, retaliatory headbutt
a: no special abilities


You were on level 3 of the Dungeon.
You visited 1 branch of the dungeon, and saw 3 of its levels.

You collected 101 gold pieces.

Inventory:

Hand Weapons
 a - a +0 war axe (weapon)
Missiles
 d - 3 throwing nets (quivered)
 g - 24 bolts
Armour
 b - a +0 leather armour (worn)
 c - a +0 hat (worn)
 k - a +2 pair of gloves (worn)
Scrolls
 f - a scroll of acquirement {unknown}
 h - a scroll of identify {unknown}
 i - a scroll of holy word {unknown}
 n - a scroll of teleportation {unknown}
Potions
 e - 2 potions of degeneration {unknown}
 j - a potion of resistance {unknown}
 l - a potion of ambrosia {unknown}
 m - 2 potions of might {unknown}


   Skills:
 - Level 2.4 Fighting
 + Level 7.4 Axes
 - Level 2.0 Throwing
 - Level 3.2 Dodging


You had 4 spell levels left.
You didn't know any spells.
Your spell library contained the following spells:

 Spells                   Type           Power      Damage    Failure   Level
 Beastly Appendage        Tmut           0%         N/A       54%         1
 Wereblood                Tmut           0%         N/A       67%         2
 Spider Form              Tmut/Pois      0%         N/A       88%         3
 Ice Form                 Ice/Tmut       0%         N/A       99%         4
 Hydra Form               Tmut           0%         N/A       100%        5


Dungeon Overview and Level Annotations

Branches:
Dungeon (3/15)

Altars:


Innate Abilities, Weirdness & Mutations

You have a pair of horns on your head.
You reflexively headbutt those who attack you in melee.


Message History

You are confused.
You're too confused to move!
The hobgoblin closely misses you. The orc priest misses you.
Something hits you but does no damage.
You barely miss the hobgoblin. You barely miss something.
You hit the orc priest but do no damage.
You miss something. The hobgoblin misses you. The orc priest misses you.
You hear some strange, mumbled words.
A puff of flame appears from out of thin air!
The puff of flame misses you. Something hits you but does no damage.
You miss the orc priest.
The orc priest is severely wounded.
You completely miss something. You closely miss the hobgoblin.
You barely miss something. The hobgoblin barely misses you.
The orc priest closely misses you.
You hear some strange, mumbled words.
A magic dart appears from out of thin air!
The magic dart hits you!
* * * LOW HITPOINT WARNING * * *
Something hits you but does no damage.
You miss something. You slash the orc priest!
You kill the orc priest!
You miss something. You closely miss the hobgoblin.
The hobgoblin barely misses you. Something hits you.
* * * LOW HITPOINT WARNING * * *
Something hits you but does no damage. The hobgoblin barely misses you.
Unknown command.
Something hits you but does no damage.
You closely miss something. Your headbutt misses something. You miss something.
You feel less confused.
You hear some strange, mumbled words.
You are confused.
Something hits you but does no damage.
You miss something. You headbutt something.
Reactivating autopickup.
You feel a bit more experienced.
You slash the hobgoblin!
You kill the hobgoblin!
You closely miss something. Something hits you but does no damage.
Deactivating autopickup; reactivate with Ctrl-A.
Something hits you.
You die...

........###..#
.............#
.............##
......))......#
..............#
.####....†....##
#........:.#
#...).)..#.#
#....@?..# #
#........#
#........#
#........# #
#........# .# .
#........###.#.#
#..............#
#..............#
#.............>#


There were no monsters in sight!

Vanquished Creatures
  A water moccasin (D:2)
  An orc priest (D:3)
  An orc wizard (D:3)
  An adder (D:3)
  A dart slug (D:2)
  An orc (D:3)
  4 bats
  5 endoplasms
  A giant cockroach (D:2)
  A goblin (D:3)
  A hobgoblin (D:3)
  3 jackals (D:2)
  2 quokkas (D:1)
  2 ball pythons
  4 frilled lizards
  4 kobolds
  8 rats (D:2)
41 creatures vanquished.

Notes
Turn   | Place    | Note
-------+----------+-------------------------------------------
     0 | D:1      | siradein the Minotaur Gladiator began the quest for the
                  | Orb.
     0 | D:1      | Reached XP level 1. HP: 18/18 MP: 0/0
   155 | D:1      | Reached skill level 4 in Axes
   542 | D:1      | Reached XP level 2. HP: 22/25 MP: 1/1
   606 | D:1      | Found a faded altar of an unknown god.
  1085 | D:2      | Reached skill level 5 in Axes
  1111 | D:2      | Noticed a water moccasin
  1117 | D:2      | Killed a water moccasin
  1118 | D:2      | Reached skill level 6 in Axes
  1118 | D:2      | Reached XP level 3. HP: 23/30 MP: 2/2
  1118 | D:2      | Reached XP level 4. HP: 29/37 MP: 3/3
  1469 | D:2      | Reached XP level 5. HP: 42/42 MP: 4/4
  1579 | D:3      | Reached skill level 7 in Axes
  1602 | D:3      | HP: 2/42 [something/magic dart (9)]
  1606 | D:3      | Slain by an orc wizard

Illustrated notes

Levels and vault maps discovered:
D:1:      dpeg_arrival_shelter, layout_loops_ring,
          shapermc_ecumenical_altar_flowoftime, minmay_stone_trees_medium
D:2:      layout_rooms, minmay_rat_gold_closets
D:3:      layout_basic, amethyst_overflow_temple_binary,
          lemuel_coloured_pillars_altar, led_xom_imps

Skill      XL: |  1  2  3  4  5 |
---------------+----------------+-----
Axes           | 4 6 7 |  7.4
Fighting       | |  2.4
Throwing       | |  2.0
Dodging        | |  3.2

Action                   |  1- 3 |  4- 6 || total
-------------------------+-------+-------++-------
Melee: War axe           |    48 |    30 ||    78
       Headbutt          |     5 |     5 ||    10
 Stab: Sleeping          |     2 |     1 ||     3
Armor: Leather armour    |    14 |    18 ||    32
Dodge: Dodged            |    36 |    33 ||    69

Table legend: (Time is in decaauts)
 A = Elapsed time spent in this place.
 B = Non-inter-level travel time spent in this place.
 C = Inter-level travel time spent in this place.
 D = Time resting spent in this place.
 E = Time spent auto-exploring this place.
 F = Levels seen in this place.
 G = Mean time per level.
                   A        B        C        D        E       F      G
               +--------+--------+--------+--------+--------+-----+--------+
         Total |   1623 |   1588 |     35 |      0 |   1357 |   3 |  541.0 |
       Dungeon |   1623 |   1588 |     35 |      0 |   1357 |   3 |  541.0 |
               +--------+--------+--------+--------+--------+-----+--------+

Top non-repeatable levels by time:
     D:1: 957 daAuts
     D:2: 616 daAuts
     D:3: 49 daAuts
